Map: Galactic Process LE

Players

ShoWTimE - Winner!

  • Race: Protoss Protoss
  • League: Master

EnVyUsPolt (Polt)

  • Race: Terran Terran
  • League: Master

Event: DreamHack ZOWIE Open Valencia 2016

VOD

Have the link to the VOD?

Description

Time

  • Played on: July 14, 2016, 11:14 a.m.
  • Length: 9:02

All games in this series

Show
View Real Time Build Order
Export as new Build Order

ShoWTimE Protoss - Winner!

Build Orders: 1 Gate Expand, Dark Templar Rush 

Get SALT Encoding   

  12  0:00  Probe (Chrono Boost)  
  13  0:11  Probe (Chrono Boost)  
  14  0:17  Pylon  
  14  0:22  Probe (Chrono Boost)  
  16  0:35  Probe (Chrono Boost)  
  16  0:36  Gateway  
  16  0:42  Assimilator  
  16  0:46  Probe (Chrono Boost)  
  17  0:57  Probe (Chrono Boost)  
  18  1:07  Probe (Chrono Boost)  
  19  1:21  Nexus  
  19  1:31  Cybernetics Core  
  20  1:33  Probe (Chrono Boost)  
  20  1:39  Assimilator  
  20  1:43  Probe (Chrono Boost)  
  21  1:49  Pylon  
  21  1:54  Probe (Chrono Boost)  
  22  2:08  Mothership Core (Chrono Boost), Adept  
  26  2:16  Warp Gate  
  26  2:26  Probe (Chrono Boost)  
  27  2:34  Probe (Chrono Boost)  
  27  2:36  Probe (Chrono Boost)  
  29  2:37  Robotics Facility  
  29  2:44  Probe (Chrono Boost)  
  29  2:47  Probe (Chrono Boost)  
  31  2:55  Probe (Chrono Boost)  
  31  2:57  Twilight Council  
  31  2:58  Probe (Chrono Boost)  
  34  3:05  Probe (Chrono Boost)  
  34  3:08  Probe (Chrono Boost)  
  35  3:16  Probe (Chrono Boost)  
  35  3:17  Gateway  
  35  3:19  Probe (Chrono Boost)  
  37  3:20  Gateway  
  37  3:22  Observer  
  37  3:27  Probe (Chrono Boost)  
  39  3:30  Pylon  
  39  3:32  Probe (Chrono Boost)  
  40  3:37  Probe (Chrono Boost)  
  40  3:41  Dark Shrine  
  41  3:44  Probe (Chrono Boost)  
  41  3:47  Warp Prism  
  43  3:49  Probe (Chrono Boost)  
  46  3:57  Probe (Chrono Boost)  
  46  3:59  Assimilator  
  46  4:01  Assimilator, Probe (Chrono Boost)  
  47  4:04  Blink  
  47  4:05  Pylon  
  47  4:09  Probe (Chrono Boost)  
  48  4:13  Probe (Chrono Boost)  
  49  4:20  Pylon  
  49  4:21  Probe (Chrono Boost)  
  51  4:25  Probe (Chrono Boost)  
  51  4:33  Probe (Chrono Boost)  
  51  4:37  Observer, Probe (Chrono Boost)  
  53  4:45  Probe (Chrono Boost)  
  55  4:49  Probe (Chrono Boost)  
  55  4:57  Nexus, Probe (Chrono Boost)  
  55  4:58  Pylon  
  56  5:03  Dark Templar  
  56  5:04  Dark Templar x2  
  62  5:11  Probe x2 (Chrono Boost)  
  64  5:15  Observer  
  64  5:23  Probe (Chrono Boost)  
  64  5:25  Probe (Chrono Boost)  
  65  5:35  Probe (Chrono Boost)  
  65  5:37  Probe (Chrono Boost)  
  65  5:42  Dark Templar x2  
  68  5:47  Probe (Chrono Boost)  
  68  5:49  Probe (Chrono Boost)  
  69  5:53  Resonating Glaives  
  67  5:59  Probe (Chrono Boost)  
  67  6:01  Immortal  
  67  6:02  Probe (Chrono Boost)  
  70  6:12  Sentry, Probe (Chrono Boost)  
  70  6:14  Probe (Chrono Boost)  
  70  6:18  Gateway x2  
  73  6:21  Gateway x2  
  73  6:22  Gateway  
  73  6:24  Stalker x2  
  77  6:28  Probe (Chrono Boost)  
  77  6:29  Pylon  
  78  6:33  Gateway  
  78  6:36  Immortal  
  78  6:43  Pylon, Stalker  
  84  6:50  Pylon, Adept  
  84  6:51  Adept  
  88  7:07  Pylon  
  88  7:15  Stalker x4, Adept  
  94  7:16  Adept  
  94  7:20  Adept  
  102  7:27  Pylon  
  102  7:36  Adept  
  102  7:37  Adept x3  
  106  7:39  Adept x2  
  106  7:40  Adept x3  
  106  7:44  Pylon  
  120  7:48  Observer  
  120  7:51  Pylon  
  119  7:58  Stalker  
  119  7:59  Stalker x3  
  119  8:02  Adept x4  
  119  8:04  Adept  
  137  8:19  Pylon  
  137  8:21  Pylon  
  137  8:22  Stalker, Adept x4  
  137  8:23  Stalker  
  149  8:27  Pylon  
  137  8:42  Stalker x4  
  137  8:43  Stalker  
  115  8:57  Stalker x3  
Show
View Real Time Build Order
Export as new Build Order

EnVyUsPolt Terran 

Build Orders: Reaper Expand, MMM Bio 

Get SALT Encoding   

  12  0:00  SCV  
  13  0:13  SCV  
  14  0:17  Supply Depot  
  14  0:25  SCV  
  15  0:38  SCV  
  15  0:39  Barracks  
  16  0:43  Refinery  
  16  0:51  SCV  
  17  1:03  SCV  
  18  1:15  SCV  
  19  1:27  Orbital Command, Reaper  
  20  1:41  Command Center  
  20  1:52  Supply Depot, SCV  
  21  2:00  Barracks Reactor  
  21  2:04  SCV  
  22  2:09  Barracks  
  22  2:16  SCV  
  23  2:27  Factory  
  23  2:29  SCV  
  24  2:31  Refinery  
  24  2:36  Marine x2  
  26  2:42  SCV  
  27  2:54  SCV, Marine x2  
  27  2:56  Barracks Tech Lab  
  27  2:57  Orbital Command  
  30  3:06  SCV  
  31  3:13  Starport  
  31  3:19  Widow Mine  
  33  3:20  SCV  
  33  3:22  SCV, Marine x2  
  37  3:27  Stimpack  
  37  3:32  SCV  
  38  3:34  SCV  
  38  3:37  Supply Depot  
  39  3:44  SCV  
  39  3:46  Marine x3, SCV  
  44  3:54  Medivac  
  44  3:55  Supply Depot  
  46  3:57  Factory Reactor  
  46  3:59  SCV x2  
  46  4:02  Supply Depot  
  48  4:11  SCV x2, Marauder  
  48  4:12  Marine x2  
  54  4:17  Engineering Bay  
  54  4:23  SCV x2  
  56  4:31  Marine x2  
  56  4:32  Marauder  
  56  4:35  SCV  
  61  4:38  Supply Depot  
  61  4:39  SCV  
  61  4:40  Refinery  
  62  4:46  Medivac x2  
  62  4:47  SCV  
  62  4:51  SCV  
  68  4:55  Refinery  
  68  4:57  Supply Depot, Marauder  
  70  5:00  Marine x2  
  70  5:04  SCV x2  
  74  5:11  Barracks  
  74  5:17  SCV x2  
  76  5:24  Missile Turret  
  76  5:26  Missile Turret  
  75  5:29  SCV x2  
  75  5:34  Missile Turret  
  75  5:41  SCV x2, Missile Turret  
  75  5:42  Marine, Marauder  
  74  5:53  SCV x2  
  71  5:59  Missile Turret  
  68  6:05  SCV x2  
  68  6:15  Liberator  
  68  6:17  SCV x2  
  70  6:19  Command Center  
  70  6:24  Liberator  
  70  6:25  Barracks  
  70  6:27  Marauder, Barracks Reactor, Barracks  
  70  6:29  SCV x2, Barracks Tech Lab  
  77  6:39  Supply Depot, Combat Shields  
  77  6:40  Terran Infantry Weapons Level 1  
  77  6:41  Widow Mine, SCV  
  77  6:42  SCV  
  84  6:50  Marauder  
  84  6:51  Concussive Shells  
  86  7:00  Marine, SCV x2  
  89  7:08  Marine x2  
  89  7:12  SCV, Marauder  
  94  7:17  Supply Depot x2  
  94  7:18  Barracks Reactor, Barracks Tech Lab  
  94  7:23  Starport  
  94  7:24  Fusion Core  
  94  7:26  Marine  
  94  7:31  SCV x2  
  96  7:41  Widow Mine, Liberator x2  
  96  7:43  SCV x2  
  100  7:45  Refinery  
  100  7:47  Liberator  
  100  7:50  Marine x2, Marauder x3  
  114  8:09  SCV x2  
  114  8:10  Orbital Command  
  116  8:19  Marine x3, Marauder x2, Refinery  
  123  8:22  Marine x2  
  125  8:31  Widow Mine  
  125  8:32  SCV x2  
  129  8:34  Supply Depot  
  129  8:35  Supply Depot  

Tags
 
Add a new tag
Caveats
  • Supply blocks, unpowered buildings, or Contaminate may cause inaccurate times.
  • Supply counts are checked every 10 seconds.